 Dungeon Crawl Stone Soup version 0.29-a0-911-g88e6f02907 (webtiles) character file.

Game seed: 8380309200699002060

159 quixfox the Digger (level 5, -5/28 HPs)
             Began as a Gargoyle Earth Elementalist on July 25, 2022.
             Slain by a gnoll bouda
             ... wielding a +0 club
              (11 damage)
             ... on level 3 of the Dungeon.
             The game lasted 00:05:39 (3153 turns).

quixfox the Digger (Gargoyle Earth Elementalist)    Turns: 3153, Time: 00:05:40

Health: -5/28      AC:  7    Str: 11    XL:     5   Next: 40%
Magic:  6/10       EV: 11    Int: 18    God:
Gold:   248        SH:  0    Dex: 10    Spells: 5/11 levels left

rFire   . . .      SeeInvis .   c - +0 whip
rCold   . . .      Faith    .   (no shield)
rNeg    + . .      Spirit   .   a - +0 robe
rPois   ∞          Reflect  .   (no helmet)
rElec   +          Harm     .   (no cloak)
rCorr   .          Rampage  .   q - +0 pair of gloves
Will    .....                   (no boots)
Stlth   ++........              e - amulet of the acrobat
HPRegen 0.09/turn               (no ring)
MPRegen 0.12/turn               (no ring)

@: weakened
A: sickness immunity, AC +4, negative energy resistance 1, electricity
resistance, torment resistance 1, petrification resistance
a: no special abilities


You were on level 3 of the Dungeon.
You visited 1 branch of the dungeon, and saw 4 of its levels.

You collected 248 gold pieces.

Inventory:

Hand Weapons
 c - a +0 whip (weapon)
 r - a +0 morningstar
Armour
 a - a +0 robe (worn)
 q - a +0 pair of gloves (worn)
Jewellery
 e - an amulet of the acrobat (around neck)
Scrolls
 d - a scroll of summoning {unknown}
 f - a scroll of teleportation {unknown}
 i - a scroll of acquirement {unknown}
 k - 2 scrolls of poison {unknown}
 l - a scroll of noise {unknown}
 n - a scroll of enchant weapon {unknown}
 o - a scroll of fear {unknown}
 s - 2 scrolls of butterflies {unknown}
 t - 2 scrolls of blinking {unknown}
 v - a scroll of brand weapon {unknown}
 x - a scroll of amnesia {unknown}
Potions
 b - 3 potions of magic
 h - a potion of heal wounds
 j - 2 potions of curing
 m - a potion of flight {unknown}
 u - 2 potions of lignification
 w - a potion of mutation {unknown}
 z - a potion of might {unknown}


   Skills:
 - Level 1.5 Dodging
 - Level 2.1 Stealth
 + Level 3.5 Spellcasting
 + Level 1.9 Conjurations
 - Level 0.7 Transmutations
 + Level 5.3 Earth Magic


You had 5 spell levels left.
You knew the following spells:

 Your Spells              Type           Power      Damage    Failure   Level
a - Sandblast             Erth           44%        2d11      1%          1
b - Passwall              Tmut/Erth      11%        N/A       7%          2
c - Stone Arrow           Conj/Erth      32%        3d9       11%         3

Your spell library contained the following spells:

 Spells                   Type           Power      Damage    Failure   Level
 Summon Small Mammal      Summ           12%        N/A       16%         1
 Wereblood                Tmut           5%         N/A       17%         2
 Petrify                  Tmut/Erth      14%        N/A       41%         4
 Call Canine Familiar     Summ           3%         N/A       43%         3
 Gell's Gravitas          Tloc           3%         N/A       43%         3
 Summon Guardian Golem    Hex/Summ       3%         N/A       43%         3
 Teleport Other           Tloc           3%         N/A       43%         3
 Dispersal                Tloc           1%         N/A       100%        6
 Summon Hydra             Summ           1%         N/A       100%        7
 Sublimation of Blood     Necr           Unusable   N/A       N/A         2

Dungeon Overview and Level Annotations

Branches:
Dungeon (4/15)
 Temple: D:4-7

Altars:
Dithmenos
Zin

Shops:
D:1 =   D:2 (


Innate Abilities, Weirdness & Mutations

You are immune to sickness and miasma.
Your stone body is resilient. (AC +4)
You are immune to poison.
You resist negative energy. (rN+)
You are resistant to electric shocks. (rElec)
You are resistant to unholy torment.
You are immune to petrification.


Message History

You can't see any susceptible monsters within range! (Use Z to cast anyway.)
You can't see any susceptible monsters within range! (Use Z to cast anyway.)
Aiming: Sandblast (safe; 1% risk of failure)
Press: ? - help, Q - select action, (/) - cycle Shift-Dir - straight line, f - gnoll
Aim: a gnoll, wielding a +0 spear (83% to hit)
The blast of sand hits the gnoll!
The gnoll is heavily wounded.
A gnoll comes into view. It is wielding a +0 spear.
Aiming: Sandblast (safe; 1% risk of failure)
Press: ? - help, Q - select action, (/) - cycle Shift-Dir - straight line, f/p - gnoll
Aim: a gnoll, wielding a +0 spear (heavily wounded, 83% to hit)
The blast of sand hits the gnoll!
You kill the gnoll!
The gnoll shouts!
A gnoll comes into view. It is wielding a +0 club.
The gnoll bouda hits you with a +0 club!
You climb upwards.
There is a stone staircase leading down here.
Aiming: Sandblast (safe; 1% risk of failure)
Press: ? - help, Q - select action, (/) - cycle Shift-Dir - straight line, f - gnoll bouda
Aim: a gnoll bouda, wielding a +0 club and wearing a +0 leather armour (83% to hit)
The blast of sand hits the gnoll bouda but does no damage.
The gnoll bouda hits you with a +0 club.
The gnoll bouda barely misses you.
Aiming: Sandblast (safe; 1% risk of failure)
Press: ? - help, Q - select action, (/) - cycle Shift-Dir - straight line, f/p - gnoll bouda
Aim: a gnoll bouda, wielding a +0 club and wearing a +0 leather armour (83% to hit)
The blast of sand hits the gnoll bouda but does no damage.
The gnoll bouda hits you with a +0 club.
The gnoll bouda gazes fiercely through you!
You feel your attacks grow feeble. The gnoll bouda barely misses you.
Aiming: Sandblast (safe; 1% risk of failure)
Press: ? - help, Q - select action, (/) - cycle Shift-Dir - straight line, f/p - gnoll bouda
Aim: a gnoll bouda, wielding a +0 club and wearing a +0 leather armour (83% to hit)
The blast of sand hits the gnoll bouda but does no damage.
The gnoll bouda hits you with a +0 club.
* * * LOW HITPOINT WARNING * * *
The gnoll bouda hits you with a +0 club!
You die...

#####.##...#..###.##.##...##..##.
#.####.#...'..#..#..#..##.'.. #.#
#.##.################### #.#
##.#.##..#.####.# #... #.#
#...##..#.##...# #... #.#
#.####..#.#..### #... ##.# #.#
#.#....## #.## #..# #.# #.#....#
#.# #.## #.####@#...## #.# #.#
##..(.g.##### #.#
#.#####...##..## #.#
####.##....#......# #.#
.........######.#.############.##
.........# #.#................
.........# ##.##..###...###.###
.........# #..#...##..#####.#
.........# ##.#..#.##.###....#


You could see a gnoll bouda.

Vanquished Creatures
  A gnoll (D:4)
  7 adders
  An ufetubus (D:3)
  4 worms
  2 dart slugs
  2 orcs (D:3)
  3 ball pythons
  5 bats
  3 endoplasms
  5 giant cockroaches
  6 goblins
  5 hobgoblins
  3 quokkas
  5 frilled lizards
  4 kobolds
  12 rats
68 creatures vanquished.

Notes
Turn   | Place    | Note
-------+----------+-------------------------------------------
     0 | D:1      | quixfox the Gargoyle Earth Elementalist began the quest for
                  | the Orb.
     0 | D:1      | Reached XP level 1. HP: 10/10 MP: 3/3
   160 | D:1      | Found Dyex's Jewellery Emporium.
   232 | D:1      | Reached XP level 2. HP: 15/15 MP: 3/5
   324 | D:1      | Found a faded altar of an unknown god.
   400 | D:1      | Reached skill level 4 in Earth Magic
  1069 | D:2      | Reached XP level 3. HP: 19/19 MP: 4/7
  1219 | D:2      | Learned a level 2 spell: Passwall
  1223 | D:2      | Learned a level 3 spell: Stone Arrow
  1320 | D:2      | Reached XP level 4. HP: 24/24 MP: 6/8
  1514 | D:2      | Found Feex's Antique Weapon Shop.
  1958 | D:2      | Reached skill level 1 in Conjurations
  1958 | D:2      | Reached skill level 5 in Earth Magic
  2296 | D:3      | Found a shadowy altar of Dithmenos.
  2321 | D:3      | Found a glowing silver altar of Zin.
  2832 | D:3      | Reached XP level 5. HP: 28/28 MP: 8/10
  3153 | D:3      | Slain by a gnoll bouda

Illustrated notes

Levels and vault maps discovered:
D:1:      dpeg_arrival_subterranean_lakeside_camping, layout_basic,
          serial_forest, infiniplex_forest_lined_room_2,
          infiniplex_forest_clump_small, infiniplex_forest_straight_3,
          infiniplex_forest_straight_5, infiniplex_forest_straight_2,
          serial_shops, shop, chequers_ecumenical_altar_twisty,
          minmay_misc_feat_rows, dreamdust_princess_bridge
D:2:      layout_basic, serial_shops, nicolae_shop_statue_plus,
          minmay_pentomino_w4
D:3:      minmay_razor_zed, layout_rooms,
          chequers_temple_overflow_statue_of_worship, grunt_decor_one_mirror
D:4:      layout_basic, lemuel_mausoleum_altar_kikubaaqudgha,
          nicolae_overflow_hidden_temple, temple_fountains

Skill      XL: |  1  2  3  4 |
---------------+-------------+-----
Earth Magic    | 4 5 |  5.3
Spellcasting   | 3 |  3.5
Conjurations   | 1 |  1.9
Dodging        | |  1.5
Stealth        | |  2.1
Transmutations | |  0.7

Action                   |  1- 3 |  4- 6 || total
-------------------------+-------+-------++-------
 Cast: Sandblast         |    38 |    62 ||   100
  Use: Scroll            |       |     4 ||     4
Armor: Robe              |     1 |     5 ||     6
Dodge: Dodged            |     4 |    10 ||    14

Table legend: (Time is in decaauts)
 A = Elapsed time spent in this place.
 B = Non-inter-level travel time spent in this place.
 C = Inter-level travel time spent in this place.
 D = Time resting spent in this place.
 E = Time spent auto-exploring this place.
 F = Levels seen in this place.
 G = Mean time per level.
                   A        B        C        D        E       F      G
               +--------+--------+--------+--------+--------+-----+--------+
         Total |   3254 |   3116 |    138 |      0 |   2642 |   4 |  813.5 |
       Dungeon |   3254 |   3116 |    138 |      0 |   2642 |   4 |  813.5 |
               +--------+--------+--------+--------+--------+-----+--------+

Top non-repeatable levels by time:
     D:2: 1290 daAuts
     D:1: 1054 daAuts
     D:3: 894 daAuts
     D:4: 14 daAuts
